 Dungeon Crawl Stone Soup version 0.29.1-13-g9f3cf754e1 (webtiles) character file.

Game seed: 10497204530103095573

4 Priul the Grasshopper (level 1, 19/19 HPs)
             Began as a Troll Warper on Feb 1, 2023.
             Quit the game on level 1 of the Dungeon.
             The game lasted 00:02:41 (172 turns).

Priul the Grasshopper (Troll Warper)                 Turns: 172, Time: 00:02:42

Health: 19/19      AC:  4    Str: 18    XL:     1   Next: 58%
Magic:  1/1        EV:  9    Int:  9    God:
Gold:   10         SH:  0    Dex:  9    Spells: 2/2 levels left

rFire   . . .      SeeInvis .     - Unarmed
rCold   . . .      Faith    .   (no shield)
rNeg    . . .      Spirit   .   a - +0 robe
rPois   .          Reflect  .   (helmet restricted)
rElec   .          Harm     .   (no cloak)
rCorr   .          Rampage  .   (gloves unavailable)
Will    .....                   (boots unavailable)
Stlth   +.........              (no amulet)
HPRegen 0.86/turn               (no ring)
MPRegen 0.07/turn               (no ring)

@: no status effects
A: large, unfitting armour, claws 3, regeneration 1, shaggy fur 1, tough skin 1
a: no special abilities


You were on level 1 of the Dungeon.
You visited 1 branch of the dungeon, and saw 1 of its levels.

You collected 10 gold pieces.

Inventory:

Missiles
 c - 7 boomerangs of dispersal (quivered)
Armour
 a - a +0 robe (worn)
Scrolls
 b - a scroll of blinking
 d - a scroll of teleportation {unknown}
Potions
 e - a potion of haste {unknown}


   Skills:
 + Level 1.5 Fighting
 + Level 0.8 Throwing
 + Level 1.9 Dodging
 + Level 2.2 Unarmed Combat
 + Level 1.3 Spellcasting
 + Level 2.2 Translocations


You had 2 spell levels left.
You didn't know any spells.
Your spell library contained the following spells:

 Spells                   Type           Power      Damage    Failure   Level
 Blink                    Tloc           8%         N/A       22%         2
 Gell's Gravitas          Tloc           4%         N/A       38%         3
 Lesser Beckoning         Tloc           4%         N/A       38%         3
 Teleport Other           Tloc           4%         N/A       38%         3
 Manifold Assault         Tloc           4%         N/A       98%         5
 Fireball                 Conj/Fire      0%         3d3       100%        5
 Starburst                Conj/Fire      0%         6d3       100%        6
 Ignition                 Fire           0%         3d3       100%        8


Dungeon Overview and Level Annotations

Branches:
Dungeon (1/15)

Altars:


Innate Abilities, Weirdness & Mutations

You are too large for most types of armour.
You have claws for hands.
Your natural rate of healing is unusually fast.
You are covered in fur. (AC +1)
You have tough skin. (AC +1)


Message History

d - a scroll labelled ZAOQIB WOMAXU An endoplasm comes into view.
The endoplasm quivers.
You see here a glowing red potion.
Found an escape hatch in the floor.
Found a stone staircase leading down.
A bat comes into view.
You barely miss the endoplasm.
The endoplasm hits you but does no damage.
You claw the endoplasm!
You kill the endoplasm!
The bat hits you but does no damage. The bat closely misses you.
The bat barely misses you. The bat barely misses you.
The bat hits you but does no damage.
You scratch the bat but do no damage. The bat barely misses you.
The bat closely misses you.
You barely miss the bat. The bat closely misses you.
You scratch the bat.
The bat is moderately wounded.
The bat hits you. The bat completely misses you.
The bat hits you but does no damage.
You scratch the bat.
You kill the bat!
You see here a book of Displacement.
You pick up a book of Displacement and begin reading...
Unfortunately, you learned nothing new.
You pick up a book of Fire and begin reading...
You add the spells Fireball, Starburst and Ignition to your library.
e - a glowing red potion
Okay, then.
You see here a +0 ring mail.
Found a sapphire potion.
You see here 2 stones.
Okay, then.
You don't know any spells.
Okay, then.
Unknown command.
Are you sure you want to abandon this character and quit the game? (Confirm with "yes".)

....## ...## ..## ..#
#######+### ..#
#.........# ..#
#......!..#
..#########.........#
...#................#
##.'............@...#
###................#
####.............####
...+..[...(.....##
####..........>.#
#............#
#.........>..#
#............#
#............#


There were no monsters in sight!

Vanquished Creatures
  An endoplasm (D:1)
  A giant cockroach (D:1)
  A kobold (D:1)
  A bat (D:1)
4 creatures vanquished.

Notes
Turn   | Place    | Note
-------+----------+-------------------------------------------
     0 | D:1      | Priul the Troll Warper began the quest for the Orb.
     0 | D:1      | Reached XP level 1. HP: 19/19 MP: 1/1
   172 | D:1      | Quit the game

Illustrated notes

Levels and vault maps discovered:
D:1:      psy_arrival_dodecagon, layout_basic

Action                   || total
-------------------------++-------
Melee: Unarmed           ||    10
Armor: Robe              ||     7
Dodge: Dodged            ||    11
